 Dungeon Crawl Stone Soup version 0.29.0-5-ge4962eb29e (webtiles) character file.

Game seed: 10970868903859706366

136462 Pooter the Bludgeoner (level 16, -3/146 HPs)
             Began as a Minotaur Fighter on Aug 27, 2022.
             Was a High Priest of Okawaru.
             Killed from afar by a deep elf knight (10 damage)
             ... with a shard of ice
             ... on level 2 of the Elven Halls on Aug 29, 2022.
             The game lasted 02:56:07 (48892 turns).

Pooter the Bludgeoner (Minotaur Fighter)           Turns: 48892, Time: 02:56:08

Health: -3/146     AC: 36    Str: 36    XL:     16   Next: 66%
Magic:  32/32      EV: 10    Int: 11    God:    Okawaru [*****.]
Gold:   967        SH:  0    Dex: 17    Spells: 15/15 levels left

rFire   + . .      SeeInvis +   a - +9 great mace "Dunann" {venom, MP+9 Dex+4}
rCold   . . .      Faith    .   (shield currently unavailable)
rNeg    . . .      Spirit   .   v - +3 crystal plate armour
rPois   .          Reflect  .   q - +2 hat {Stlth+}
rElec   .          Harm     .   (no cloak)
rCorr   .          Rampage  .   d - +1 pair of gloves of Herenount {rF+}
Will    +....                   n - +1 pair of boots
Stlth   ..........              R - amulet of the acrobat
HPRegen 0.34/turn               M - +6 ring of strength
MPRegen 0.23/turn               J - ring "Cecsih" {Str+4 Int+6}

@: lethally poisoned (-3 -> -13), about to teleport, heroic
A: horns 2, retaliatory headbutt, iridescent scales 1, see invisible
a: Renounce Religion, Heroism, Finesse, Duel


You were on level 2 of the Elven Halls.
You worshipped Okawaru.
Okawaru was extremely pleased with you.
You visited 5 branches of the dungeon, and saw 25 of its levels.
You also visited: Bailey.

You collected 3250 gold pieces.
You spent 2283 gold pieces at shops.

Inventory:

Hand Weapons
 a - the +9 great mace "Dunann" (weapon) {venom, MP+9 Dex+4}
   (Okawaru gifted it to you on level 2 of the Orcish Mines)

   It poisons the flesh of those it strikes.
   Dex:       It affects your dexterity (+4).
   MP:        It affects your magic capacity (+9).
 b - a +6 arbalest of freezing
   (You took it off an orc warrior on level 2 of the Orcish Mines)
 L - a +2 battleaxe of venom
   (You took it off Rupert on level 14 of the Dungeon)
 Y - the +11 morningstar of a Gauntlet {speed, rC+ Dex+2}
   (You found it on level 2 of the Dungeon)

   Attacks with this weapon are significantly faster.
   Dex:       It affects your dexterity (+2).
   rC:        It protects you from cold.
Missiles
 c - 22 javelins
 o - 5 silver boomerangs
 p - 11 atropa-tipped darts
 r - 21 boomerangs (quivered)
 y - 7 boomerangs of dispersal {!f}
 z - 40 poisoned darts
 Z - 4 datura-tipped darts
Armour
 d - the +1 pair of gloves of Herenount (worn) {rF+}
   (Okawaru gifted it to you on level 4 of the Lair of Beasts)

   rF:        It protects you from fire.
 n - a +1 pair of boots (worn)
   (You found it on level 10 of the Dungeon)
 q - a +2 hat of stealth (worn)
   (You found it on level 4 of the Lair of Beasts)
 v - a +3 crystal plate armour (worn)
   (You took it off a gnoll sergeant in a bailey)
 E - the +0 plate armour of Okawaru, Keeping {rElec rN+ Will+}
   (Okawaru gifted it to you on level 2 of the Lair of Beasts)

   rElec:     It insulates you from electricity.
   rN:        It protects you from negative energy.
   Will:      It increases your willpower.
Jewellery
 F - the ring "Magoakh" {*Slow rF+ Will- Str+6 Dex+10}
   (You found it on level 5 of the Dungeon)

   [ring of strength]

   Str:       It affects your strength (+6).
   Dex:       It affects your dexterity (+10).
   rF:        It protects you from fire.
   *Slow:     It may slow you when you take damage.
   Will:      It decreases your willpower.
 G - an amulet of guardian spirit
   (You bought it in a shop on level 2 of the Orcish Mines)
 I - a ring of protection from cold
   (You found it on level 4 of the Dungeon)
 J - the ring "Cecsih" (right hand) {Str+4 Int+6}
   (You took it off an orc on level 4 of the Dungeon)

   [ring of intelligence]

   Str:       It affects your strength (+4).
   Int:       It affects your intelligence (+6).
 M - a +6 ring of strength (left hand)
   (You found it on level 5 of the Lair of Beasts)
 N - a ring of willpower
   (You found it on level 11 of the Dungeon)
 R - an amulet of the acrobat (around neck)
   (You found it on level 7 of the Dungeon)
 S - the ring of the Peculiar Artists {rF+ AC+4}
   (You took it off a spriggan on level 5 of the Lair of Beasts)

   [ring of protection]

   AC:        It affects your AC (+4).
   rF:        It protects you from fire.
Wands
 f - a wand of flame (12)
   (You found it on level 6 of the Dungeon)
 w - a wand of roots (12)
   (You found it on level 2 of the Dungeon)
 A - a wand of mindburst (22)
   (You took it off Ijyb on level 3 of the Dungeon)
 D - a wand of digging (9)
   (You found it on level 3 of the Lair of Beasts)
 T - a wand of polymorph (3)
   (You took it off Duvessa on level 7 of the Dungeon)
 W - a wand of light (5)
   (You found it on level 8 of the Dungeon)
Scrolls
 g - a scroll of blinking
 h - 2 scrolls of fog
 i - 10 scrolls of identify {@r1}
 j - a scroll of immolation {!r}
 t - 5 scrolls of teleportation {@r4}
 C - 2 scrolls of poison {!r}
 H - a scroll of silence
 P - 2 scrolls of fear
 Q - 2 scrolls of magic mapping
Potions
 e - 6 potions of berserk rage
 k - 4 potions of curing {@q1}
 m - 7 potions of magic
 s - 3 potions of flight
 u - 6 potions of mutation {!q}
 x - 3 potions of attraction {!q}
 B - 2 potions of haste {@q3}
 K - 8 potions of heal wounds {@q2}
 U - 3 potions of lignification {!q}
 V - 5 potions of cancellation
 X - 4 potions of resistance
Miscellaneous
 l - a lightning rod (4/4) {!a}
   (You found it in a bailey)
 O - a tin of tremorstones (2/2)
   (You found it on level 9 of the Dungeon)


   Skills:
 + Level 14.2(19.2) Fighting
 - Level 4.0(18.0) Axes
 * Level 19.0(24.1) Maces & Flails
 * Level 15.3(20.3) Ranged Weapons
 + Level 9.4(14.4) Throwing
 + Level 10.7(15.7) Armour
 - Level 3.6(8.6) Shields
 + Level 10.7 Invocations
 - Level 9.2 Evocations


You had 15 spell levels left.
You didn't know any spells.
Your spell library contained the following spells:

 Spells                   Type           Power      Damage    Failure   Level
 Beastly Appendage        Tmut           0%         N/A       98%         1
 Freeze                   Ice            0%         1d3       98%         1
 Magic Dart               Conj           0%         1d3       98%         1
 Necrotise                Necr           0%         1d4       98%         1
 Ensorcelled Hibernation  Hex/Ice        0%         N/A       99%         2
 Searing Ray              Conj           0%         2d4       99%         2
 Static Discharge         Conj/Air       0%         3-3/arc   99%         2
 Wereblood                Tmut           0%         N/A       99%         2
 Conjure Flame            Conj/Fire      0%         6-21      100%        3
 Dazzling Flash           Conj/Hex       0%         N/A       100%        3
 Frozen Ramparts          Ice            0%         1d1       100%        3
 Ignite Poison            Fire/Tmut/Pois 0%         N/A       100%        3
 Spider Form              Tmut/Pois      0%         N/A       100%        3
 Stone Arrow              Conj/Erth      0%         3d7       100%        3
 Vampiric Draining        Necr           0%         2d6       100%        3
 Anguish                  Hex/Necr       0%         N/A       100%        4
 Dispel Undead            Necr           0%         3d6       100%        4
 Fulminant Prism          Conj/Hex       0%         3d6       100%        4
 Hailstorm                Conj/Ice       0%         3d3       100%        4
 Ice Form                 Ice/Tmut       0%         N/A       100%        4
 Iskenderun's Mystic Bla  Conj/Tloc      0%         2d3       100%        4
 Leda's Liquefaction      Hex/Erth       0%         N/A       100%        4
 Sticky Flame             Conj/Fire      0%         2d3       100%        4
 Agony                    Necr           0%         N/A       100%        5
 Blade Hands              Tmut           0%         N/A       100%        5
 Fireball                 Conj/Fire      0%         3d3       100%        5
 Irradiate                Conj/Tmut      0%         3d11      100%        5
 Lee's Rapid Deconstruct  Erth           0%         3d5*      100%        5
 Conjure Ball Lightning   Conj/Air       0%         3x3d6     100%        6
 Dispersal                Tloc           0%         N/A       100%        6
 Starburst                Conj/Fire      0%         6d3       100%        6
 Statue Form              Tmut/Erth      0%         N/A       100%        6
 Dragon Form              Tmut           0%         N/A       100%        7
 Disjunction              Tloc           0%         N/A       100%        8
 Lehudib's Crystal Spear  Conj/Erth      0%         10d2      100%        8
 Animate Armour           Summ/Erth      Unusable   N/A       N/A         4
 Summon Ice Beast         Ice/Summ       Unusable   N/A       N/A         4

Dungeon Overview and Level Annotations

Branches:
Dungeon (15/15)            Temple (1/1) D:4            Lair (5/5) D:11
  Swamp (0/4) Lair:2        Snake (0/4) Lair:3        Slime (0/5) Lair:4
    Orc (2/2) D:9             Elf (2/3) Orc:2        Vaults (0/5) D:13
 Depths (0/4) D:15         Bailey (visited)

Altars:
Ashenzari
Cheibriados
Dithmenos
Elyvilon
Fedhas
Gozag
Hepliaklqana
Kikubaaqudgha
Makhleb
Nemelex Xobeh
Okawaru
Qazlal
Ru
Sif Muna
Trog
Uskayaw
Vehumet
Wu Jian
Xom
Yredelemnul
Zin
The Shining One
Jiyva
Lugonu

Shops:
D:13 ?   D:14 ?([(   Orc:2 ?[*!

Portals:
Abyss: Lair:5

Annotations:
D:11 1 runed translucent door, exclusion: 3 orange crystal statues


Innate Abilities, Weirdness & Mutations

You have a pair of horns on your head.
You reflexively headbutt those who attack you in melee.
You are partially covered in iridescent scales. (AC +2)
You have supernaturally acute eyesight. (SInv)


Message History

Your headbutt misses the deep elf knight.
Your surroundings seem slightly different.
A deep elf knight comes into view. It is wielding a +0 short sword.
The deep elf zephyrmancer shouts!
The deep elf pyromancer shouts!
The deep elf knight shouts!
A +1 war axe of electrocution comes into view.
The deep elf pyromancer casts a spell.
The deep elf pyromancer blinks!
The deep elf zephyrmancer casts a spell at you.
The bolt of lightning hits you!
* * * LOW HITPOINT WARNING * * *
What are your orders? t - Shout!
Orders for allies: a - Attack new target. r - Retreat! s - Stop attacking. g - Guard the area. f - Follow me.
Anything else - Cancel.
You shout for attention!
You hear a shout!
The deep elf blademaster hits you with a +0 rapier!
* * * LOW HITPOINT WARNING * * *
The deep elf blademaster hits you but does no damage.
The +5 halberd of protection hits you from afar!
* * * LOW HITPOINT WARNING * * *
The deep elf blademaster hits you but does no damage.
The deep elf blademaster hits you with a +0 rapier!
* * * LOW HITPOINT WARNING * * *
What are your orders? t - Shout!
Orders for allies: a - Attack new target. r - Retreat! s - Stop attacking. g - Guard the area. f - Follow me.
Anything else - Cancel.
Okay, then.
Unknown command.
Okay, then.
Unknown command.
As you read the scroll of teleportation {@r4}, it crumbles to dust.
You feel strangely unstable.
The +5 halberd of protection closely misses you.
The deep elf blademaster hits you with a +0 rapier!
* * * LOW HITPOINT WARNING * * *
The deep elf blademaster hits you but does no damage.
The +2 vorpal scimitar hits you but does no damage.
The +5 hand axe of venom hits you but does no damage.
You are lethally poisoned!
The deep elf pyromancer mumbles some strange words.
The deep elf pyromancer blinks!
The deep elf knight gestures at you while chanting.
The shard of ice hits you!
You die...

#### ##### ##...#
##...##
##.....###...§.#
.....................
.....................
.........e...........
........((....e.e....
...(...@.............
......ee(............
.........(...........
............e........
...###.......§.....#
.. ##...........# .
#...........#
#....§......#
#.......).....#


You could see a deep elf blademaster, 3 deep elf knights, a deep elf
zephyrmancer and 5 dancing weapons.

Vanquished Creatures
  Rupert (D:14)
  Jorgrun (D:13)
  Agnes (D:14)
  Frances (D:12)
  A deep elf elementalist (Elf:1)
  A deep elf annihilator (Elf:1)
  A dire elephant (D:15)
  Snorg (Lair:3)
  Josephine (D:10)
  A great orb of eyes (D:15)
  8 boulder beetles
  10 hydras
  2 vault guards (D:13)
  A catoblepas (Lair:5)
  2 death knights (D:15)
  2 ogre magi
  3 two-headed ogres
  9 dancing weapons
  3 centaur warriors
  9 death yaks
  6 slime creatures (D:15)
  A tengu warrior (D:13)
  3 thrashing horrors (Lair:5)
  4 deep elf knights
  Urug (Lair:2)
  Nergalle (D:11)
  A skeletal warrior (D:14)
  An orb spider (shapeshifter) (Lair:5)
  A phantasmal warrior (D:14)
  6 deep elf archers
  An orange crystal statue (D:11)
  A wizard (D:13)
  10 orc knights
  2 lindwurms (Lair:4)
  19 deep elf zephyrmancers
  17 deep elf pyromancers
  A harpy (shapeshifter) (D:13)
  5 ugly things
  2 manticores
  3 oklob plants
  A faun (Orc:2)
  26 elephants
  A wolf spider (Lair:4)
  4 large abominations (Lair:5)
  4 cyclopes
  4 black mambas
  10 cane toads
  3 centaur zombies (D:10)
  A torpor snail (Lair:2)
  3 gargoyles
  A smoke demon (Lair:5)
  2 rime drakes
  An unseen horror (D:13)
  3 kobold demonologists
  An unseen horror zombie (D:10)
  8 komodo dragons
  2 efreet (D:15)
  4 yaktaurs
  3 ancient zymes (Lair:5)
  3 freezing wraiths (D:15)
  A tengu conjurer (D:13)
  3 trolls
  A meliai (shapeshifter) (D:13)
  A tarantella (shapeshifter) (Lair:5)
  Prince Ribbit (D:8)
  2 hornets
  A tyrant leech (Lair:2)
  2 tarantellas (Lair:4)
  21 blink frogs
  2 jumping spiders (Lair:4)
  2 ynoxinuls (Lair:5)
  14 wraiths
  A spriggan (Lair:5)
  2 wyverns
  39 yaks
  5 shadows
  4 water elementals
  4 vampires
  8 basilisks
  A fire elemental (Elf:2)
  3 steam dragons
  4 vampire mosquitoes (D:12)
  2 swamp worms (Lair:2)
  3 nagas (Lair:3)
  9 wargs
  15 two-headed ogre zombies (Orc:1)
  An acid dragon (D:12)
  13 water moccasins
  A sky beast (D:7)
  34 orc warriors
  Duvessa (D:7)
  An ice beast (D:7)
  5 black bears
  11 small abominations (Lair:5)
  9 ogres
  An ogre (shapeshifter) (Lair:5)
  19 wolves
  3 boggarts (D:15)
  4 centaurs
  2 kobold brigands
  10 gnoll sergeants
  10 bullfrogs
  3 scorpions
  3 wights (D:9)
  Dowan (D:7)
  3 killer bees (D:10)
  A bullfrog zombie (D:5)
  2 electric eels
  3 howler monkeys (D:9)
  2 lava snakes (Lair:4)
  7 gnoll boudas
  3 hounds
  4 jellies
  15 orc priests
  Jessica (D:2)
  4 iguanas
  Ijyb (D:3)
  19 orc wizards
  6 hell rats (Lair:4)
  A hound zombie (D:5)
  A howler monkey zombie (D:10)
  35 gnolls
  6 adders
  4 worms
  2 dart slugs (D:2)
  94 orcs
  5 ball pythons
  3 endoplasms
  6 giant cockroaches
  8 goblins
  6 hobgoblins
  12 jackals
  28 kobolds
  4 quokkas
  6 bats
  2 frilled lizards
  3 rats
  A butterfly (Lair:5)
  2 fungi (D:15)
  3 plants (D:15)
816 creatures vanquished.

Vanquished Creatures (collateral kills)
  A deep elf archer (Elf:2)
  2 orc warriors (Orc:2)
3 creatures vanquished.

Vanquished Creatures (others)
  2 deep elf archers (Elf:2)
  A deep elf pyromancer (Elf:1)
  2 orc warriors
  A bush (Lair:5)
  33 fungi
  59 plants
98 creatures vanquished.

Grand Total: 917 creatures vanquished

Notes
Turn   | Place    | Note
-------+----------+-------------------------------------------
     0 | D:1      | Pooter the Minotaur Fighter began the quest for the Orb.
     0 | D:1      | Reached XP level 1. HP: 19/19 MP: 0/0
   196 | D:1      | Reached XP level 2. HP: 23/27 MP: 1/1
   557 | D:1      | Reached XP level 3. HP: 33/33 MP: 2/2
   598 | D:1      | Found a faded altar of an unknown god.
  1120 | D:2      | Identified the +11 morningstar of a Gauntlet {speed, rC+
                  | Dex+2}
  1146 | D:2      | Upgraded the game from 0.29.0-4-gdea44cf6ec to
                  | 0.29.0-5-ge4962eb29e
  1405 | D:2      | Reached skill level 1 in Maces & Flails
  1592 | D:2      | Reached XP level 4. HP: 41/41 MP: 3/3
  1679 | D:2      | Reached skill level 2 in Maces & Flails
  1686 | D:2      | Noticed Jessica
  1690 | D:2      | Killed Jessica
  1790 | D:2      | Reached skill level 1 in Throwing
  2272 | D:3      | Reached XP level 5. HP: 43/47 MP: 4/4
  2296 | D:3      | Reached skill level 3 in Maces & Flails
  2372 | D:3      | Found a bloodstained altar of Trog.
  2403 | D:3      | Reached skill level 5 in Fighting
  2831 | D:3      | Noticed Ijyb
  2836 | D:3      | Killed Ijyb
  2837 | D:3      | Reached skill level 1 in Ranged Weapons
  3125 | D:3      | Reached skill level 4 in Maces & Flails
  3125 | D:3      | Reached XP level 6. HP: 35/56 MP: 5/5
  3845 | D:4      | Identified the ring "Cecsih" {Str+4 Int+6}
  3986 | D:4      | Found a staircase to the Ecumenical Temple.
  3995 | Temple   | Entered the Ecumenical Temple
  4115 | Temple   | Became a worshipper of Warmaster Okawaru
  4319 | D:4      | Reached skill level 1 in Evocations
  4495 | D:5      | Entered Level 5 of the Dungeon
  4579 | D:5      | Noticed a water moccasin
  4583 | D:5      | Noticed a water moccasin
  4586 | D:5      | Killed a water moccasin
  4586 | D:5      | Reached * piety under Okawaru
  4587 | D:5      | Reached skill level 5 in Maces & Flails
  4587 | D:5      | Reached XP level 7. HP: 48/62 MP: 6/6
  4946 | D:5      | Found an opulent altar of Gozag.
  4973 | D:5      | Reached skill level 6 in Maces & Flails
  5180 | D:5      | Reached ** piety under Okawaru
  5181 | D:5      | Reached XP level 8. HP: 70/70 MP: 7/7
  5262 | D:5      | Identified the ring "Magoakh" {*Slow rF+ Will- Str+6
                  | Dex+10}
  5413 | D:5      | Found a basalt altar of Yredelemnul.
  5613 | D:6      | Reached skill level 7 in Maces & Flails
  6500 | D:7      | Reached *** piety under Okawaru
  6501 | D:7      | Reached skill level 8 in Maces & Flails
  6501 | D:7      | Reached skill level 1 in Invocations
  6501 | D:7      | Reached XP level 9. HP: 67/79 MP: 8/8
  7037 | D:7      | Reached skill level 5 in Ranged Weapons
  7396 | D:7      | Noticed Duvessa
  7396 | D:7      | Noticed Dowan
  7403 | D:7      | Killed Duvessa
  7407 | D:7      | Killed Dowan
  7408 | D:7      | Reached skill level 9 in Maces & Flails
  7408 | D:7      | Reached skill level 5 in Throwing
  7742 | D:8      | Reached **** piety under Okawaru
  7750 | D:8      | Reached XP level 10. HP: 36/88 MP: 8/11
  8036 | D:8      | Gained mutation: You occasionally lose the ability to drink
                  | potions when taking damage. [potion of mutation]
  8036 | D:8      | Gained mutation: You have an increased reservoir of magic.
                  | (+10% MP) [potion of mutation]
  8037 | D:8      | Lost mutation: You have an increased reservoir of magic.
                  | (+10% MP) [potion of mutation]
  8037 | D:8      | Lost mutation: You occasionally lose the ability to drink
                  | potions when taking damage. [potion of mutation]
  8037 | D:8      | Gained mutation: You have a pair of large horns on your
                  | head. [potion of mutation]
  8037 | D:8      | Gained mutation: You are dopey. (Int -2) [potion of
                  | mutation]
  8037 | D:8      | Gained mutation: You expend magic power (3 MP) to
                  | strengthen your wands. [potion of mutation]
  8037 | D:8      | Lost mutation: You are dopey. (Int -2) [potion of mutation]
  8038 | D:8      | Lost mutation: You expend magic power (3 MP) to strengthen
                  | your wands. [potion of mutation]
  8038 | D:8      | Lost mutation: You have a pair of large horns on your head.
                  | [potion of mutation]
  8038 | D:8      | Gained mutation: You have supernaturally acute eyesight.
                  | (SInv) [potion of mutation]
  8038 | D:8      | Gained mutation: You are partially covered in iridescent
                  | scales. (AC +2) [potion of mutation]
  8125 | D:8      | Noticed Prince Ribbit
  8134 | D:8      | Killed Prince Ribbit
  8833 | D:9      | Reached skill level 10 in Maces & Flails
  8889 | D:9      | Reached skill level 5 in Evocations
  9052 | D:9      | Found a flagged portal.
  9106 | Bailey   | Entered a bailey
  9788 | Bailey   | Reached ***** piety under Okawaru
  9789 | Bailey   | Reached skill level 11 in Maces & Flails
 10237 | D:9      | Found an ornate altar of the Wu Jian Council.
 10561 | D:9      | Received a gift from Okawaru
 10936 | D:9      | Found a staircase to the Orcish Mines.
 10946 | Orc:1    | Entered Level 1 of the Orcish Mines
 10990 | Orc:1    | Reached XP level 11. HP: 83/97 MP: 13/13
 11742 | Orc:1    | Received a gift from Okawaru
 11886 | Orc:1    | Reached skill level 5 in Invocations
 11890 | Orc:1    | Received a gift from Okawaru
 11909 | Orc:1    | Noticed an ogre mage
 11917 | Orc:1    | Killed an ogre mage
 12289 | Orc:2    | Entered Level 2 of the Orcish Mines
 12486 | Orc:2    | Reached skill level 12 in Maces & Flails
 12489 | Orc:2    | Noticed an orc knight
 12511 | Orc:1    | Killed an orc knight
 12879 | Orc:2    | Noticed an orc knight
 12881 | Orc:2    | Identified the +9 great mace "Dunann" {venom, MP+9 Dex+4}
                  | (Okawaru gifted it to you on level 2 of the Orcish Mines)
 12881 | Orc:2    | Received a gift from Okawaru
 12891 | Orc:2    | Killed an orc knight
 16069 | Orc:2    | Noticed a two-headed ogre
 16086 | Orc:2    | Killed a two-headed ogre
 16430 | Orc:2    | Noticed an orc knight
 16443 | Orc:2    | Killed an orc knight
 17282 | Orc:2    | Found Muraasam's Antique Armour Shoppe.
 17282 | Orc:2    | Found Lipnuofa's Magic Scroll Shop.
 17288 | Orc:2    | Bought a scroll of enchant weapon for 112 gold pieces
 17288 | Orc:2    | Bought a scroll of identify for 30 gold pieces
 17288 | Orc:2    | Bought a scroll of identify for 30 gold pieces
 17288 | Orc:2    | Bought a scroll of identify for 30 gold pieces
 17288 | Orc:2    | Bought a scroll of identify for 30 gold pieces
 17288 | Orc:2    | Bought a scroll of enchant weapon for 112 gold pieces
 17288 | Orc:2    | Bought a scroll of blinking for 112 gold pieces
 17304 | Orc:2    | Bought an embroidered hat for 203 gold pieces
 18433 | Orc:2    | Reached skill level 10 in Fighting
 18484 | Orc:2    | Noticed an orc knight
 18485 | Orc:2    | an orc knight changed into a faun
 18642 | Orc:2    | Reached XP level 12. HP: 106/106 MP: 12/15
 18783 | Orc:2    | Reached skill level 13 in Maces & Flails
 20065 | Orc:2    | Found a staircase to the Elven Halls.
 20268 | Orc:2    | Found Ibrol's Distillery.
 20268 | Orc:2    | Found Uhisu's Assorted Antiques.
 20274 | Orc:2    | Bought a potion of curing for 45 gold pieces
 20274 | Orc:2    | Bought a potion of might for 60 gold pieces
 20274 | Orc:2    | Bought a potion of resistance for 150 gold pieces
 20274 | Orc:2    | Bought a potion of curing for 45 gold pieces
 20274 | Orc:2    | Bought a potion of resistance for 150 gold pieces
 20274 | Orc:2    | Bought a potion of resistance for 150 gold pieces
 20283 | Orc:2    | Bought a twisted copper amulet for 180 gold pieces
 20283 | Orc:2    | Bought a wand of mindburst (6) for 302 gold pieces
 20283 | Orc:2    | Bought a potion of flight for 108 gold pieces
 20875 | D:10     | Entered Level 10 of the Dungeon
 20981 | D:10     | Received a gift from Okawaru
 21265 | D:10     | Received a gift from Okawaru
 21656 | D:10     | Received a gift from Okawaru
 22092 | D:10     | Noticed Josephine
 22107 | D:10     | Killed Josephine
 22108 | D:10     | Reached skill level 14 in Maces & Flails
 22668 | D:11     | Found a staircase to the Lair.
 22676 | D:11     | Found a runed translucent door.
 22682 | Lair:1   | Entered Level 1 of the Lair of Beasts
 22689 | Lair:1   | Reached skill level 5 in Armour
 22833 | Lair:1   | Received a gift from Okawaru
 23076 | Lair:1   | Reached XP level 13. HP: 116/116 MP: 16/17
 23567 | Lair:2   | Noticed Urug
 23578 | Lair:2   | Killed Urug
 23580 | Lair:2   | Reached skill level 10 in Ranged Weapons
 23711 | Lair:2   | Identified the +0 plate armour of Okawaru, Keeping {rElec
                  | rN+ Will+} (Okawaru gifted it to you on level 2 of the Lair
                  | of Beasts)
 23711 | Lair:2   | Received a gift from Okawaru
 26159 | Lair:2   | Found a staircase to the Swamp.
 26321 | Lair:3   | Found a staircase to the Snake Pit.
 26406 | Lair:3   | Noticed Snorg
 26412 | Lair:3   | Killed Snorg
 26413 | Lair:3   | Reached skill level 15 in Maces & Flails
 26878 | Lair:3   | Found a shimmering blue altar of Sif Muna.
 27679 | Lair:4   | Identified the +7 mace of Afeudeinn {vorpal, rN++ Dex-5}
 27774 | Lair:4   | Found a viscous altar of Jiyva.
 28354 | Lair:4   | Received a gift from Okawaru
 28507 | Lair:4   | Found a staircase to the Slime Pits.
 28959 | Lair:4   | Found a runed translucent door.
 28969 | Lair:4   | Found a runed translucent gate.
 28969 | Lair:4   | Found a runed translucent gate.
 28973 | Lair:4   | Found a runed translucent gate.
 28973 | Lair:4   | Found a runed translucent gate.
 28973 | Lair:4   | Found a runed translucent gate.
 28975 | Lair:4   | Received a gift from Okawaru
 28976 | Lair:4   | Reached XP level 14. HP: 106/125 MP: 19/19
 28994 | Lair:4   | Identified the +10 whip of the Candelabrum {venom, Str+7}
 29097 | Lair:4   | Found a runed translucent gate.
 29128 | Lair:4   | Identified the +1 pair of gloves of Herenount {rF+}
                  | (Okawaru gifted it to you on level 4 of the Lair of Beasts)
 29128 | Lair:4   | Received a gift from Okawaru
 29157 | Lair:4   | Identified the amulet "Ylolafev" {RegenMP rF+ Int+6}
 29589 | Lair:5   | Entered Level 5 of the Lair of Beasts
 30226 | Lair:5   | Reached skill level 16 in Maces & Flails
 31261 | Lair:5   | Identified the ring of the Peculiar Artists {rF+ AC+4}
 31898 | Lair:5   | Identified the +5 flail "Opehal" {vorpal, rPois Int-4
                  | Dex+4} (Okawaru gifted it to you on level 5 of the Lair of
                  | Beasts)
 31898 | Lair:5   | Received a gift from Okawaru
 37966 | Lair:5   | Found a corrupted altar of Lugonu.
 37966 | Lair:5   | Found a one-way gate to the infinite horrors of the Abyss.
 38105 | Lair:5   | Reached XP level 15. HP: 134/134 MP: 20/20
 38846 | D:11     | Noticed Nergalle
 38858 | D:11     | Killed Nergalle
 39021 | D:11     | Found a runed translucent door.
 39028 | D:11     | Found the +10 tower shield of Ignorance {rN+ Int-4}
 39254 | D:11     | Reached skill level 17 in Maces & Flails
 39973 | D:12     | Received a gift from Okawaru
 40316 | D:12     | Noticed Frances
 40327 | D:12     | Killed Frances
 41097 | D:13     | Noticed Jorgrun
 41100 | D:13     | Found Hoellep's Magic Scroll Emporium.
 41106 | D:13     | Killed Jorgrun
 41197 | D:13     | Bought a scroll of magic mapping for 112 gold pieces
 41197 | D:13     | Bought a scroll of enchant weapon for 112 gold pieces
 41484 | D:13     | Found a stormy altar of Qazlal.
 41605 | D:13     | Received a gift from Okawaru
 41879 | D:13     | Found a gate to the Vaults.
 42490 | D:14     | Noticed Agnes
 42504 | D:14     | Killed Agnes
 42511 | D:14     | Noticed Rupert
 42838 | D:14     | Killed Rupert
 42838 | D:14     | Received a gift from Okawaru
 43285 | D:14     | Identified the +0 dagger "Dounnib" {vorpal, Str+3}
 43383 | D:14     | Found Mul Vuah's Antique Weapon Emporium.
 43383 | D:14     | Found Puem Qog's Magic Scroll Emporium.
 43398 | D:14     | Found Domo's Armour Emporium.
 43399 | D:14     | Found Taqaizeqay's Antique Weapon Emporium.
 43401 | D:14     | Bought a scroll of magic mapping for 105 gold pieces
 43401 | D:14     | Bought a scroll of enchant weapon for 105 gold pieces
 43742 | D:15     | Entered Level 15 of the Dungeon
 43966 | D:14     | Received a gift from Okawaru
 44348 | D:15     | Reached skill level 18 in Maces & Flails
 44462 | D:15     | Reached skill level 10 in Invocations
 44465 | D:15     | Identified the +7 mace of the Peculiar Places {freeze,
                  | +Blink rElec rC+ Stlth+} (Okawaru gifted it to you on level
                  | 15 of the Dungeon)
 44465 | D:15     | Received a gift from Okawaru
 44623 | D:15     | Found a staircase to the Depths.
 44998 | D:15     | Reached XP level 16. HP: 74/145 MP: 22/22
 45433 | D:15     | Found a blossoming altar of Fedhas.
 45897 | Elf:1    | Entered Level 1 of the Elven Halls
 45907 | Elf:1    | Reached skill level 10 in Armour
 46687 | Elf:1    | Got the Volume of the Immovable Bones
 48027 | Elf:2    | Reached skill level 15 in Ranged Weapons
 48091 | Elf:2    | Received a gift from Okawaru
 48369 | Elf:2    | Received a gift from Okawaru
 48879 | Elf:2    | Reached skill level 19 in Maces & Flails
 48889 | Elf:2    | Noticed a deep elf blademaster
 48892 | Elf:2    | HP: 7/146 [deep elf blademaster/+0 rapier (8)]
 48892 | Elf:2    | Killed from afar by a deep elf knight

Illustrated notes

Levels and vault maps discovered:
D:1:      dpeg_arrival_connections, layout_basic,
          shapermc_ecumenical_altar_mp_vishouse, nicolae_wormholes
D:2:      minmay_general_purpose_star, layout_basic,
          minmay_randomly_rotated_circles, uniq_jessica
D:3:      corexii_shack_village, layout_loops_ring, lightli_temple_of_fire,
          kennysheep_potato, uniq_ijyb
D:4:      nicolae_cairo_tiling_large, layout_loops_ring,
          minmay_temple_entry_statues_pillars,
          nicolae_concentric_dashed_squares_mild, minmay_misc_feat_more_columns
D:5:      black_bear_nest_1, layout_loops_ring, mainiacjoe_overflow_alcove_2,
          lemuel_zombie_altar_yredelemnul
D:6:      layout_basic
D:7:      layout_loops_corners, uniq_duvessa
D:8:      layout_cave_pools, uniq_prince_ribbit1
D:9:      layout_irregular_city, mainiacjoe_overflow_paths, david_orc_5,
          enter_bailey_1
D:10:     layout_stronghold, serial_undead, serial_undead_f, serial_undead_f,
          serial_undead_f, serial_undead_f, uniq_josephine
D:11:     layout_loops_ring, lair_entry_dummy,
          chequers_guarded_unrand_ignorance, uniq_nergalle
D:12:     layout_gridville, uniq_frances
D:13:     layout_roguey, grunt_vaults_entry_fortified, serial_shops,
          nicolae_shop_waterfront, wad_floor_pattern_2,
          nicolae_qazlal_style_of_elements, uniq_jorgrun
D:14:     layout_cave_pools, serial_park, serial_park_paths
          [serial_park_minivault_5x5_5], serial_park_avenue1, serial_park_gazebo
          [serial_park_minivault_5x5_2], minmay_shop_grid_forest, uniq_rupert,
          uniq_agnes
D:15:     hangedman_depths_entry_try_elsewhere_first, layout_basic,
          nicolae_titane, tgw_fedhas
Temple:   mainiacjoe_temple_bowtie_tessellation
Lair:1:   layout_regular_city, lemuel_fruit_tree
Lair:2:   layout_concentric_octagons, palyth_hydra_swamp_entry,
          lemuel_fruit_fields, grunt_megastairs_2, uniq_urug
Lair:3:   layout_small_grid, guppyfry_snake_entry_garden, lemuel_oklob_altar,
          uniq_snorg
Lair:4:   gammafunk_indiana_jones, layout_regular_city, slime_entry_1,
          st_stairs_7
Lair:5:   hellmonk_lair_end_abyssal_woods, layout_cave_pods,
          serial_bayou_pond_d, minmay_lair_oklob_items, serial_bayou_shore_b,
          lemuel_fruit_fields, grunt_megastairs_3
Orc:1:    lemuel_ogre_cave, layout_caves
Orc:2:    st_orc_town, layout_caves, basic_altar
Elf:1:    eino_elf_arrival_the_gate, layout_geoelf_grid, minmay_elf_annihilation
Elf:2:    nicolae_elf_blades_crystal_corner, layout_geoelf_grid

Skill      XL: |  1  2  3  4  5  6  7  8  9 10 11 12 13 14 15 16 |
---------------+-------------------------------------------------+-----
Axes           | 3 4 |  4.0
Fighting       | 4 5 6 7 8 9 10 11 12 13 14 | 14.2
Maces & Flails | 1 2 4 5 6 8 9 11 12 14 15 16 18 19 | 19.0
Throwing       | 1 2 3 4 5 6 7 8 9 |  9.4
Ranged Weapons | 1 2 3 4 5 6 8 9 11 13 14 15 | 15.3
Evocations     | 1 2 3 4 5 6 7 8 9 |  9.2
Invocations    | 1 3 4 6 7 8 9 10 | 10.7
Armour         | 5 6 8 9 10 | 10.7
Shields        | |  3.6

Action                   |  1- 3 |  4- 6 |  7- 9 | 10-12 | 13-15 | 16-18 || total
-------------------------+-------+-------+-------+-------+-------+-------++-------
Melee: War axe           |    61 |       |       |       |       |       ||    61
       Headbutt          |     3 |     8 |    17 |    88 |   119 |    47 ||   282
       Morningstar       |    15 |    97 |   125 |   259 |    21 |       ||   517
       Punch             |       |       |     1 |     4 |     2 |       ||     7
       Battleaxe         |       |       |       |    12 |       |       ||    12
       Great mace        |       |       |       |   145 |   487 |   185 ||   817
 Fire: Sling             |       |     7 |     6 |       |       |       ||    13
       Shortbow          |       |       |    34 |   167 |       |       ||   201
       Arbalest          |       |       |       |   116 |   402 |    34 ||   552
Throw: Dart              |       |     4 |       |     3 |     2 |     8 ||    17
       Boomerang         |       |       |     1 |    23 |    32 |     7 ||    63
       Javelin           |       |       |       |       |       |     1 ||     1
Invok: Heroism           |       |       |     5 |    29 |    37 |    10 ||    81
       Finesse           |       |       |       |       |     4 |     2 ||     6
Evoke: Wand              |       |     1 |     6 |     8 |    12 |     9 ||    36
       Lightning rod     |       |       |       |     4 |       |       ||     4
       Tin of tremorston |       |       |       |     2 |     1 |     2 ||     5
  Use: Scroll            |     3 |     4 |     4 |    23 |    12 |     6 ||    52
       Potion            |       |       |       |     8 |     6 |     5 ||    19
 Stab: Invisible         |       |       |       |     1 |     1 |       ||     2
Armor: Scale mail        |    26 |       |       |       |       |       ||    26
       Plate armour      |     1 |    37 |    78 |    40 |   205 |       ||   361
       Crystal plate arm |       |       |       |   234 |   214 |    97 ||   545
Dodge: Dodged            |    33 |    23 |    42 |   227 |   356 |    78 ||   759
Block: Buckler           |     9 |    28 |    10 |       |       |       ||    47
